 Dungeon Crawl Stone Soup version 0.29.0-11-gd7f09526c8 (webtiles) character file.

Game seed: 15110314113025586859

265 browni3141 the Vexing (level 6, -2/48 HPs)
             Began as a Ghoul Enchanter on Sept 5, 2022.
             Was an Initiate of Wu Jian.
             Slain by a gnoll
             ... wielding a +0 flail of holy wrath
              (4 damage)
             ... on level 3 of the Dungeon.
             The game lasted 00:09:40 (3878 turns).

browni3141 the Vexing (Ghoul Enchanter)             Turns: 3878, Time: 00:09:41

Health: -2/48      AC:  4    Str: 12    XL:     6   Next: 20%
Magic:  4/8        EV: 12    Int: 18    God:    Wu Jian [......]
Gold:   101        SH:  0    Dex:  9    Spells: 4/9 levels left

rFire   . . .      SeeInvis .     - Unarmed
rCold   + . .      Faith    .   (no shield)
rNeg    + + +      Spirit   .   b - +0 robe
rPois   ∞          Reflect  .   e - +2 hat
rElec   .          Harm     .   (no cloak)
rCorr   .          Rampage  .   (no gloves)
Will    .....                   (no boots)
Stlth   ++........              (no amulet)
HPRegen 0.00/turn               I - +6 ring of intelligence
MPRegen 0.11/turn               (no ring)

@: confusing by touch, inhibited regen
A: claws 1, cold resistance 1, negative energy resistance 3, inhibited
regeneration, torment resistance 2, devour on kill
a: Renounce Religion


You were on level 3 of the Dungeon.
You worshipped Wu Jian.
Wu Jian was noncommittal.
You visited 1 branch of the dungeon, and saw 5 of its levels.

You collected 101 gold pieces.


Innate Abilities, Weirdness & Mutations

You are immune to poison.
You have sharp fingernails.
Your flesh is cold resistant. (rC+)
You are immune to negative energy. (rN+++)
You do not regenerate when monsters are visible.
You are immune to unholy pain and torment.
You thrive by killing the living.


   Skills:
 - Level 2.0 Fighting
 - Level 0.8 Short Blades
 - Level 1.7 Dodging
 - Level 4.0 Stealth
 - Level 2.0 Unarmed Combat
 - Level 2.0 Spellcasting
 * Level 4.6 Hexes


You had 4 spell levels left.
You knew the following spells:

 Your Spells              Type           Power      Damage    Failure   Level
o - Confusing Touch       Hex            18%        N/A       9%          3
z - Ensorcelled Hibernat  Hex/Ice        20%        N/A       11%         2

Your spell library contained the following spells:

 Spells                   Type           Power      Damage    Failure   Level
 Tukima's Dance           Hex            18%        N/A       9%          3
 Summon Small Mammal      Summ           4%         N/A       19%         1
 Dazzling Flash           Conj/Hex       20%        N/A       22%         3
 Summon Guardian Golem    Hex/Summ       10%        N/A       22%         3
 Call Canine Familiar     Summ           1%         N/A       47%         3

Inventory:

Hand Weapons
 a - a +1 dagger
Armour
 b - a +0 robe (worn)
 e - a +2 hat (worn)
 i - a +1 hat
Magical Staves
 s - a staff of cold
Jewellery
 I - a +6 ring of intelligence (left claw)
Scrolls
 c - a scroll of noise {unknown}
 d - 2 scrolls of fear {unknown}
 f - a scroll of acquirement {unknown}
 g - 3 scrolls of blinking {unknown}
 l - 2 scrolls of identify {unknown}
 n - a scroll of enchant weapon {unknown}
 o - a scroll of summoning {unknown}
 q - a scroll of poison {unknown}
 t - a scroll of butterflies {unknown}
 v - a scroll of immolation {unknown}
Potions
 h - 3 potions of haste {unknown}
 j - 3 potions of mutation {unknown}
 k - a potion of berserk rage {unknown}
 m - 2 potions of attraction {unknown}
 p - 2 potions of curing {unknown}
 r - a potion of heal wounds {unknown}
 u - a potion of degeneration {unknown}

Dungeon Overview and Level Annotations

Branches:
Dungeon (5/15)
 Temple: D:4-7

Altars:
Wu Jian

Annotations:
D:5 exclusion: jelly

##....>..# ####.##########
######.#.........
.........†.......
###.#......<#####
#.#.......###### (#
#.#............# .#
##.#............####.#.. .
#.....####.....@.......# .#
###........#.###g###.#.#...
#........#.# #g###.#.....
#........#.###g.<#...#
#..........#(..g.....#
#.......##...........#
#.......####.#.....#.....
#.......# #.#...<.# .###
#.....................#


You could see 4 gnolls.


Message History

You scratch the endoplasm.
The endoplasm is almost dead.
The endoplasm freezes you.
You are frozen.
You resist.
You scratch the endoplasm.
You kill the endoplasm!
The Council accepts your kill.
You feel better.
You scratch the kobold.
You kill the kobold!
The Council accepts your kill.
You feel better.
The gnoll seems less confused.
You closely miss the gnoll.
The gnoll hits you with a +0 flail of holy wrath!
You convulse!
You barely miss the gnoll.
The gnoll hits you with a +0 flail of holy wrath.
You convulse.
The gnoll attacks as you move away!
The gnoll hits you with a +0 flail of holy wrath.
* * * LOW HITPOINT WARNING * * *
You convulse!
* * * LOW HITPOINT WARNING * * *
Casting: Confusing Touch (dangerous; 9% risk of failure)
Press: ? - help, Q - select action, (/) - cycle Dir - look around, f - activate Your claws begin to glow red.
The gnoll hits you with a +0 flail of holy wrath!
* * * LOW HITPOINT WARNING * * *
You convulse.
You die...

Skill      XL: |  1  2  3  4  5 |
---------------+----------------+-----
Unarmed Combat | 1 2 |  2.0
Fighting       | 1 2 |  2.0
Hexes          | 3 4 |  4.6
Spellcasting   | 2 |  2.0
Stealth        | 4 |  4.0
Short Blades   | |  0.8
Dodging        | |  1.7

Action                   |  1- 3 |  4- 6 || total
-------------------------+-------+-------++-------
Melee: Unarmed           |   136 |   167 ||   303
       Punch             |     3 |     3 ||     6
 Cast: Confusing Touch   |     3 |    15 ||    18
       Ensorcelled Hiber |       |     1 ||     1
Invok: Lunge             |       |    16 ||    16
  Use: Potion            |       |     2 ||     2
 Stab: Sleeping          |     7 |     3 ||    10
       Confused          |     3 |     9 ||    12
       Invisible         |       |     3 ||     3
Armor: Robe              |    54 |    39 ||    93
Dodge: Dodged            |    98 |    83 ||   181

Levels and vault maps discovered:
D:1:      wander_arrival_chamber, layout_loops_ring,
          hellmonk_ecumenical_altar_run_dry, minivault_24
D:2:      layout_loops_corners, basic_altar, st_stairs_7, hex_large,
          minmay_misc_feat_columns
D:3:      layout_basic, zin_statuary, uniq_natasha
D:4:      layout_basic, nicolae_sif_muna_condensation, cheibrodos_worm_habitat,
          nicolae_ru_awakened_eye
D:5:      layout_basic, grunt_dithmenos_smoke_and_mirrors,
          minmay_temple_entry_fiery, uniq_edmund, uniq_grinder, uniq_duvessa

Notes
Turn   | Place    | Note
-------+----------+-------------------------------------------
     0 | D:1      | browni3141 the Ghoul Enchanter began the quest for the Orb.
     0 | D:1      | Reached XP level 1. HP: 14/14 MP: 2/2
   425 | D:1      | Reached skill level 1 in Unarmed Combat
   701 | D:1      | Reached XP level 2. HP: 12/20 MP: 3/3
   878 | D:1      | Reached skill level 2 in Unarmed Combat
  1017 | D:1      | Reached skill level 1 in Fighting
  1098 | D:1      | Found a faded altar of an unknown god.
  1110 | D:1      | Learned a level 2 spell: Ensorcelled Hibernation
  1216 | D:1      | Reached XP level 3. HP: 28/28 MP: 4/4
  1227 | D:1      | Learned a level 3 spell: Confusing Touch
  1783 | D:2      | Reached skill level 2 in Fighting
  1892 | D:2      | Reached skill level 3 in Hexes
  1892 | D:2      | Reached XP level 4. HP: 36/36 MP: 5/5
  2083 | D:2      | Found an ornate altar of the Wu Jian Council.
  2177 | D:2      | Became a worshipper of the Wu Jian Council
  2385 | D:2      | Reached skill level 2 in Spellcasting
  2550 | D:3      | You fall into a shaft and drop 2 floors!
  2550 | D:5      | Entered Level 5 of the Dungeon
  2570 | D:5      | Noticed a water moccasin
  2843 | D:5      | Killed a water moccasin
  2844 | D:5      | Reached skill level 4 in Hexes
  2844 | D:5      | Reached XP level 5. HP: 29/41 MP: 4/7
  3027 | D:5      | Noticed a phantom
  3171 | D:4      | Reached skill level 4 in Stealth
  3515 | D:3      | Reached XP level 6. HP: 48/48 MP: 5/8
  3676 | D:3      | Noticed Natasha
  3689 | D:3      | Killed Natasha
  3878 | D:3      | HP: 2/48 [gnoll/+0 flail of holy wrath (9)]
  3878 | D:3      | Slain by a gnoll

Vanquished Creatures
  A water moccasin (D:5)
  Natasha (D:3)
  An iguana (D:5)
  6 adders
  A shadow imp (D:5)
  3 dart slugs
  8 ball pythons
  7 bats
  2 endoplasms
  5 giant cockroaches
  3 hobgoblins
  2 kobolds
  A quokka (D:3)
  2 frilled lizards
  4 goblins
  5 rats
52 creatures vanquished.

Table legend: (Time is in decaauts)
 A = Elapsed time spent in this place.
 B = Non-inter-level travel time spent in this place.
 C = Inter-level travel time spent in this place.
 D = Time resting spent in this place.
 E = Time spent auto-exploring this place.
 F = Levels seen in this place.
 G = Mean time per level.
                   A        B        C        D        E       F      G
               +--------+--------+--------+--------+--------+-----+--------+
         Total |   3867 |   3728 |    139 |   1185 |   1677 |   5 |  773.4 |
       Dungeon |   3867 |   3728 |    139 |   1185 |   1677 |   5 |  773.4 |
               +--------+--------+--------+--------+--------+-----+--------+

Top non-repeatable levels by time:
     D:1: 1544 daAuts
     D:2: 972 daAuts
     D:5: 552 daAuts
     D:3: 447 daAuts
     D:4: 351 daAuts

Table legend:
 A = Non-vault XP
 B = Vault XP
 C = Vault XP percentage of total XP
 D = Non-vault monster count
 E = Vault monster count
 F = Vault count percentage of total count
                 A         B        C        D         E       F
            +---------+---------+-------+---------+---------+-------
      Total |     316 |      63 |  16.6 |      48 |       4 |   7.7
            +---------+---------+-------+---------+---------+-------
        D:1 |      44 |       0 |   0.0 |      24 |       0 |   0.0
        D:2 |      41 |      28 |  40.6 |       9 |       3 |  25.0
        D:3 |      30 |      35 |  53.8 |      11 |       1 |   8.3
        D:4 |      13 |       0 |   0.0 |       1 |       0 |   0.0
        D:5 |     188 |       0 |   0.0 |       3 |       0 |   0.0
            +---------+---------+-------+---------+---------+-------
